[ AOE2 MATCH · #506718105 ]
UnrankedPortuguese vs Incas
Player's team · LOSS
Rival team · WIN
[ REPLAY ANALYSIS · EXTRACTED FROM THE RECORDED GAME ]
Feudal
11:24
Castle
17:36
Imperial
—
| APM avg | 53.7 |
| APM peak | 81 |
| eAPM avg | 31.8 |
| Villagers / military | 63 / 8 |
Focus
⚔️ 43.3% · 🌾 56.7%
Organ Gun ×8
Feudal
14:58
Castle
25:11
Imperial
—
| APM avg | 45.8 |
| APM peak | 91 |
| eAPM avg | 19.9 |
| Villagers / military | 63 / 0 |
Focus
⚔️ 45.6% · 🌾 54.4%
Unknown (2550) ×91
Match map
Initial resources + every placement click. Lines = walls · curves = elevation contours. ◆ gold · ⬟ stone · ● berries · ✦ relic · ◌ wall gap
Your base· Open — unwalled flank
_DaViCy_'s base· Open — unwalled flank
Smoothed initial terrain · ◌ = detected wall gap · hover for details
Inputs per minute
— Yess Alang - - _DaViCy_
Build order — Yess Alang
First 150 of 166 actions detected
| 0:00 | Queue | Villager (Male) |
| 0:02 | Build | House |
| 0:04 | Build | House |
| 0:14 | Queue | Villager (Male) |
| 0:45 | Queue | Villager (Male) |
| 1:10 | Queue | Villager (Male) |
| 1:27 | Build | Lumber Camp |
| 1:39 | Queue | Villager (Male) |
| 2:00 | Queue | Villager (Male) |
| 2:29 | Queue | Villager (Male) |
| 2:49 | Queue | Villager (Male) |
| 3:17 | Queue | Villager (Male) |
| 3:32 | Build | House |
| 3:47 | Queue | Villager (Male) |
| 4:07 | Queue | Villager (Male) |
| 4:09 | Build | House |
| 4:14 | Build | Palisade Wall |
| 4:14 | Build | Palisade Wall |
| 4:39 | Queue | Villager (Male) |
| 5:01 | Queue | Villager (Male) |
| 5:26 | Queue | Villager (Male) |
| 5:53 | Research | Loom |
| 5:56 | Build | Palisade Wall |
| 5:58 | Build | Palisade Wall |
| 6:00 | Build | Palisade Wall |
| 6:08 | Queue | Villager (Male) |
| 6:10 | Build | Palisade Wall |
| 6:21 | Build | Mill |
| 6:28 | Build | Palisade Wall |
| 6:29 | Build | Palisade Wall |
| 6:30 | Build | Palisade Wall |
| 6:32 | Build | Palisade Wall |
| 6:41 | Queue | Villager (Male) |
| 7:08 | Queue | Villager (Male) |
| 7:14 | Queue | Villager (Male) |
| 7:38 | Queue | Villager (Male) |
| 7:51 | Queue | Villager (Male) |
| 7:57 | Build | House |
| 8:04 | Build | Palisade Wall |
| 8:23 | Build | Farm |
| 8:25 | Build | Farm |
| 8:33 | Queue | Villager (Male) |
| 9:14 | Research | Feudal Age |
| 9:48 | Build | Mining Camp |
| 9:54 | Build | Farm |
| 10:23 | Build | House |
| 10:42 | Build | Palisade Gate |
| 11:23 | Build | Farm |
| 11:24 | Age | Feudal Age |
| 11:27 | Queue | Villager (Male) |
| 11:32 | Build | Market |
| 11:38 | Build | Palisade Wall |
| 11:57 | Queue | Villager (Male) |
| 12:00 | Build | Farm |
| 12:01 | Queue | Villager (Male) |
| 12:13 | Build | Palisade Gate |
| 12:22 | Build | Blacksmith |
| 12:31 | Build | Farm |
| 12:48 | Queue | Villager (Male) |
| 12:51 | Build | Farm |
| 13:02 | Build | Palisade Wall |
| 13:12 | Queue | Villager (Male) |
| 13:37 | Build | Farm |
| 13:40 | Queue | Villager (Male) |
| 14:02 | Queue | Villager (Male) |
| 14:19 | Build | Farm |
| 14:31 | Queue | Villager (Male) |
| 14:43 | Build | House |
| 14:52 | Research | Castle Age |
| 15:08 | Build | House |
| 15:09 | Build | House |
| 15:21 | Build | House |
| 15:23 | Build | House |
| 16:59 | Build | Palisade Wall |
| 17:32 | Build | House |
| 17:36 | Age | Castle Age |
| 17:38 | Build | Town Center |
| 17:41 | Queue | Villager (Male) |
| 17:46 | Research | Double-Bit Axe |
| 17:58 | Queue | Villager (Male) |
| 18:00 | Build | Palisade Gate |
| 18:09 | Build | House |
| 18:12 | Build | Palisade Gate |
| 18:21 | Queue | Villager (Male) |
| 18:25 | Build | Palisade Wall |
| 18:45 | Build | House |
| 18:59 | Build | Palisade Gate |
| 19:03 | Queue | Villager (Male) |
| 19:09 | Build | Lumber Camp |
| 19:14 | Build | Palisade Wall |
| 19:17 | Build | Palisade Wall |
| 19:25 | Queue | Villager (Male) |
| 19:34 | Queue | Villager (Male) |
| 19:35 | Queue | Villager (Male) |
| 19:40 | Queue | Villager (Male) |
| 19:43 | Research | Fletching |
| 19:58 | Queue | Villager (Male) |
| 20:06 | Build | House |
| 20:10 | Build | House |
| 20:11 | Build | House |
| 20:15 | Build | House |
| 20:27 | Build | Palisade Wall |
| 20:33 | Queue | Villager (Male) |
| 20:46 | Queue | Villager (Male) |
| 20:48 | Build | House |
| 20:53 | Build | House |
| 20:58 | Build | Palisade Wall |
| 20:59 | Build | Palisade Wall |
| 21:11 | Queue | Villager (Male) |
| 21:18 | Queue | Villager (Male) |
| 21:34 | Build | Town Center |
| 21:38 | Build | Palisade Wall |
| 21:41 | Queue | Villager (Male) |
| 22:04 | Build | Palisade Wall |
| 22:05 | Build | Palisade Wall |
| 22:08 | Queue | Villager (Male) |
| 22:19 | Queue | Villager (Male) |
| 22:37 | Build | House |
| 22:43 | Build | Palisade Gate |
| 22:48 | Build | Palisade Wall |
| 22:50 | Build | Palisade Wall |
| 22:53 | Build | Palisade Wall |
| 22:56 | Build | House |
| 23:04 | Queue | Villager (Male) |
| 23:06 | Queue | Villager (Male) |
| 23:22 | Queue | Villager (Male) |
| 23:35 | Build | Castle |
| 23:41 | Queue | Villager (Male) |
| 23:46 | Queue | Villager (Male) |
| 23:48 | Build | Farm |
| 23:50 | Build | Farm |
| 23:50 | Queue | Villager (Male) |
| 24:34 | Queue | Villager (Male) |
| 24:51 | Build | Farm |
| 25:10 | Queue | Villager (Male) |
| 25:13 | Queue | Villager (Male) |
| 25:20 | Build | Farm |
| 25:32 | Queue | Organ Gun |
| 25:42 | Build | Lumber Camp |
| 25:49 | Build | Palisade Wall |
| 25:52 | Build | Palisade Wall |
| 25:53 | Queue | Organ Gun |
| 26:14 | Queue | Villager (Male) |
| 26:17 | Build | Outpost |
| 26:20 | Build | Outpost |
| 26:30 | Queue | Villager (Male) |
| 26:34 | Build | Siege Workshop |
| 26:43 | Build | Outpost |
| 26:48 | Queue | Villager (Male) |
| 26:56 | Queue | Organ Gun |
Build order — _DaViCy_
First 150 of 237 actions detected
| 0:00 | Queue | Villager (Male) |
| 0:02 | Build | House |
| 0:06 | Build | Outpost |
| 0:07 | Build | House |
| 0:16 | Queue | Villager (Male) |
| 0:16 | Queue | Villager (Male) |
| 0:17 | Queue | Villager (Male) |
| 1:24 | Queue | Villager (Male) |
| 1:58 | Queue | Villager (Male) |
| 1:59 | Queue | Villager (Male) |
| 2:20 | Queue | Villager (Male) |
| 2:52 | Queue | Villager (Male) |
| 2:53 | Queue | Villager (Male) |
| 3:15 | Build | Barracks |
| 3:40 | Queue | Villager (Male) |
| 3:40 | Queue | Villager (Male) |
| 3:59 | Queue | Unit 2550 |
| 4:13 | Queue | Villager (Male) |
| 4:47 | Queue | Unit 2550 |
| 4:55 | Queue | Villager (Male) |
| 5:08 | Queue | Unit 2550 |
| 5:25 | Queue | Villager (Male) |
| 5:26 | Queue | Unit 2550 |
| 5:49 | Queue | Villager (Male) |
| 6:00 | Queue | Villager (Male) |
| 6:09 | Build | Settlement |
| 6:21 | Queue | Villager (Male) |
| 6:59 | Queue | Villager (Male) |
| 7:23 | Queue | Villager (Male) |
| 7:43 | Build | Settlement |
| 7:46 | Queue | Villager (Male) |
| 8:16 | Queue | Villager (Male) |
| 8:17 | Queue | Unit 2550 |
| 8:36 | Queue | Unit 2550 |
| 8:46 | Queue | Villager (Male) |
| 8:48 | Queue | Unit 2550 |
| 8:56 | Build | Settlement |
| 9:14 | Queue | Villager (Male) |
| 9:31 | Queue | Villager (Male) |
| 9:44 | Queue | Unit 2550 |
| 9:54 | Queue | Villager (Male) |
| 9:59 | Build | Settlement |
| 10:07 | Queue | Villager (Male) |
| 10:38 | Queue | Unit 2550 |
| 10:56 | Queue | Villager (Male) |
| 10:59 | Queue | Villager (Male) |
| 11:01 | Build | Farm |
| 11:02 | Build | Farm |
| 11:07 | Queue | Unit 2550 |
| 11:18 | Build | Farm |
| 11:21 | Build | House |
| 11:33 | Research | Loom |
| 12:02 | Build | Farm |
| 12:03 | Build | Farm |
| 12:16 | Queue | Villager (Male) |
| 12:17 | Build | Farm |
| 12:32 | Build | Farm |
| 12:48 | Research | Feudal Age |
| 12:48 | Research | Feudal Age |
| 12:57 | Build | Farm |
| 13:02 | Queue | Unit 2550 |
| 13:03 | Queue | Unit 2550 |
| 13:16 | Build | Farm |
| 13:56 | Queue | Unit 2550 |
| 13:57 | Build | Farm |
| 14:00 | Build | Farm |
| 14:28 | Build | Barracks |
| 14:35 | Queue | Unit 2550 |
| 14:35 | Queue | Unit 2550 |
| 14:43 | Build | Farm |
| 14:51 | Queue | Villager (Male) |
| 14:58 | Age | Feudal Age |
| 14:59 | Research | Tech 1402 |
| 15:01 | Research | Double-Bit Axe |
| 15:18 | Queue | Villager (Male) |
| 15:50 | Queue | Villager (Male) |
| 15:52 | Queue | Unit 2550 |
| 15:52 | Queue | Unit 2550 |
| 15:52 | Queue | Unit 2550 |
| 16:15 | Build | Blacksmith |
| 16:18 | Research | Wheelbarrow |
| 16:20 | Research | Horse Collar |
| 16:26 | Queue | Unit 2550 |
| 16:26 | Queue | Unit 2550 |
| 16:41 | Queue | Unit 2550 |
| 16:44 | Queue | Villager (Male) |
| 16:46 | Build | Barracks |
| 16:54 | Build | Farm |
| 16:55 | Build | Farm |
| 17:16 | Queue | Unit 2550 |
| 17:16 | Queue | Unit 2550 |
| 17:27 | Research | Scale Mail Armor |
| 17:32 | Build | Barracks |
| 17:56 | Queue | Unit 2550 |
| 17:58 | Research | Forging |
| 17:59 | Queue | Villager (Male) |
| 18:01 | Build | Farm |
| 18:03 | Build | Farm |
| 18:21 | Queue | Unit 2550 |
| 18:24 | Build | Farm |
| 18:25 | Queue | Unit 2550 |
| 18:25 | Queue | Unit 2550 |
| 18:27 | Build | Farm |
| 18:28 | Queue | Villager (Male) |
| 18:32 | Queue | Unit 2550 |
| 18:32 | Queue | Unit 2550 |
| 18:41 | Build | Farm |
| 19:10 | Queue | Villager (Male) |
| 19:11 | Queue | Unit 2550 |
| 19:11 | Queue | Unit 2550 |
| 19:12 | Queue | Unit 2550 |
| 19:35 | Research | Town Watch |
| 19:39 | Build | Farm |
| 19:39 | Build | Farm |
| 19:41 | Build | Farm |
| 19:45 | Build | Farm |
| 19:47 | Queue | Unit 2550 |
| 19:48 | Queue | Unit 2550 |
| 19:48 | Queue | Unit 2550 |
| 19:48 | Queue | Unit 2550 |
| 20:04 | Queue | Villager (Male) |
| 20:06 | Build | Farm |
| 20:10 | Build | Farm |
| 20:49 | Queue | Villager (Male) |
| 20:49 | Build | Farm |
| 20:50 | Build | Farm |
| 20:53 | Build | Farm |
| 20:57 | Build | Settlement |
| 21:30 | Queue | Villager (Male) |
| 21:31 | Queue | Villager (Male) |
| 21:32 | Build | Archery Range |
| 21:34 | Queue | Unit 2550 |
| 21:34 | Queue | Unit 2550 |
| 22:05 | Build | Farm |
| 22:11 | Queue | Unit 2550 |
| 22:31 | Research | Castle Age |
| 22:32 | Queue | Unit 2550 |
| 22:32 | Queue | Unit 2550 |
| 22:33 | Queue | Unit 2550 |
| 22:33 | Queue | Unit 2550 |
| 22:48 | Queue | Unit 2550 |
| 22:55 | Build | House |
| 23:14 | Queue | Unit 2550 |
| 23:14 | Queue | Unit 2550 |
| 23:15 | Queue | Unit 2550 |
| 23:35 | Queue | Unit 2550 |
| 23:36 | Queue | Unit 2550 |
| 23:42 | Research | Gold Mining |
| 24:01 | Queue | Unit 2550 |
| 24:01 | Queue | Unit 2550 |
Match timeline
| 3:15 | _DaViCy_ · first_building Barracks |
| 4:14 | Yess Alang · wall_segment Palisade Wall x1 |
| 4:14 | Yess Alang · wall_segment Palisade Wall x1 |
| 5:56 | Yess Alang · wall_segment Palisade Wall x1 |
| 5:58 | Yess Alang · wall_segment Palisade Wall x1 |
| 6:00 | Yess Alang · wall_segment Palisade Wall x1 |
| 6:10 | Yess Alang · wall_segment Palisade Wall x1 |
| 6:28 | Yess Alang · wall_segment Palisade Wall x1 |
| 6:29 | Yess Alang · wall_segment Palisade Wall x1 |
| 6:30 | Yess Alang · wall_segment Palisade Wall x1 |
| 6:32 | Yess Alang · wall_segment Palisade Wall x1 |
| 8:04 | Yess Alang · wall_segment Palisade Wall x1 |
| 11:24 | Yess Alang · age_up feudal |
| 11:38 | Yess Alang · wall_segment Palisade Wall x1 |
| 13:02 | Yess Alang · wall_segment Palisade Wall x9 |
| 14:22 | Yess Alang · first_market_sell 100 wood |
| 14:23 | Yess Alang · first_market_buy 100 food |
| 14:58 | _DaViCy_ · age_up feudal |
| 16:59 | Yess Alang · wall_segment Palisade Wall x1 |
| 17:36 | Yess Alang · age_up castle |
| 18:25 | Yess Alang · wall_segment Palisade Wall x1 |
| 19:14 | Yess Alang · wall_segment Palisade Wall x1 |
| 19:17 | Yess Alang · wall_segment Palisade Wall x1 |
| 20:27 | Yess Alang · wall_segment Palisade Wall x1 |
| 20:58 | Yess Alang · wall_segment Palisade Wall x1 |
| 20:59 | Yess Alang · wall_segment Palisade Wall x1 |
| 21:32 | _DaViCy_ · first_building Archery Range |
| 21:38 | Yess Alang · wall_segment Palisade Wall x1 |
| 22:04 | Yess Alang · wall_segment Palisade Wall x1 |
| 22:05 | Yess Alang · wall_segment Palisade Wall x1 |
| 22:48 | Yess Alang · wall_segment Palisade Wall x1 |
| 22:50 | Yess Alang · wall_segment Palisade Wall x1 |
| 22:53 | Yess Alang · wall_segment Palisade Wall x1 |
| 23:35 | Yess Alang · first_building Castle |
| 25:11 | _DaViCy_ · age_up castle |
| 25:25 | _DaViCy_ · first_building Siege Workshop |
| 25:49 | Yess Alang · wall_segment Palisade Wall x1 |
| 25:52 | Yess Alang · wall_segment Palisade Wall x6 |
| 26:34 | Yess Alang · first_building Siege Workshop |
| 28:37 | Yess Alang · wall_segment Palisade Wall x1 |
| 28:38 | Yess Alang · wall_segment Palisade Wall x1 |
| 30:41 | Yess Alang · resign |
[ AI ANALYSIS · 1 CREDIT ]
What really happened in this match?
Wolo.gg analyzes every decision: build order, eco, micro, common mistakes by bracket. Personalized analysis on WhatsApp or Discord in 30 seconds.
Civ guide
Portuguese
Perfil
Jugador #12188591